Map: 环轨星港

Players

shengy

  • Race: Zerg Zerg
  • League: Platinum

Deidara - Winner!

  • Race: Terran Terran
  • League: Gold

VOD

Have the link to the VOD?

Description

Time

  • Played on: Dec. 31, 2015, 9:04 p.m.
  • Length: 13:01
Show
View Real Time Build Order
Export as new Build Order

shengy Zerg 

Build Orders: Hatch First 

Get SALT Encoding   

  12  0:01  Drone  
  13  0:08  Drone  
  14  0:17  Overlord  
  14  0:25  Drone, Extractor  
  15  0:37  Drone x2  
  17  0:44  Drone  
  18  0:57  Hatchery  
  18  1:03  Drone  
  18  1:08  Extractor, Drone  
  18  1:19  Spawning Pool  
  18  1:23  Drone  
  18  1:28  Overlord  
  18  1:38  Drone  
  19  2:07  Queen, Zergling x4  
  22  2:16  Queen  
  22  2:17  Zergling x2  
  22  2:20  Metabolic Boost  
  25  2:30  Zergling x2  
  25  2:33  Drone x3  
  29  2:46  Queen  
  29  2:49  Overlord  
  29  2:50  Drone x2  
  33  2:59  Drone  
  33  3:01  Drone  
  33  3:03  Overlord  
  35  3:11  Roach Warren  
  34  3:13  Drone, Extractor  
  34  3:26  Drone x2  
  36  3:28  Drone x3  
  36  3:31  Drone  
  40  3:47  Overlord  
  40  3:48  Lair  
  40  3:55  Evolution Chamber, Roach x2  
  43  3:57  Roach  
  45  4:08  Roach x3  
  50  4:25  Roach x5  
  60  4:45  Overlord  
  60  4:58  Hatchery  
  59  5:01  Glial Reconstitution  
  59  5:09  Overlord  
  59  5:11  Ravager  
  59  5:12  Ravager x2  
  59  5:14  Zergling x12  
  63  5:16  Overlord  
  69  5:28  Extractor, Drone x3  
  69  5:31  Overseer  
  70  5:39  Overlord  
  70  5:40  Ravager  
  71  5:44  Drone  
  71  5:45  Drone x4  
  61  6:08  Roach  
  61  6:09  Roach x6  
  72  6:20  Ravager  
  72  6:25  Drone x5  
  77  6:26  Drone x3  
  77  6:31  Spore Crawler  
  78  6:33  Spore Crawler  
  76  6:42  Queen  
  78  6:48  Overlord x2  
  78  6:49  Infestation Pit  
  78  6:51  Drone  
  78  6:52  Drone  
  78  6:53  Drone  
  78  6:54  Extractor  
  79  6:56  Drone  
  79  6:57  Drone  
  81  7:02  Ravager x3  
  84  7:10  Overseer  
  84  7:18  Ravager  
  85  7:26  Zergling x12  
  91  7:32  Extractor  
  90  7:37  Extractor  
  90  7:40  Ravager x2  
  90  7:43  Overlord x2  
  90  7:44  Zergling x16  
  99  7:54  Zerg Ground Armor Level 1  
  99  7:56  Drone x10  
  98  8:31  Zergling x2  
  82  8:34  Zergling x12  
  82  8:35  Zergling x12  
  75  9:00  Roach  
  75  9:01  Roach x9  
  93  9:12  Baneling Nest, Hive  
  93  9:16  Evolution Chamber, Drone  
  92  9:18  Roach x2  
  92  9:19  Roach x2  
  92  9:23  Ravager x2  
  92  9:24  Ravager x2  
  103  9:25  Overseer  
  103  9:29  Overseer  
  104  9:33  Zergling x4  
  104  9:36  Overlord  
  104  9:37  Overlord x2  
  106  9:55  Ravager  
  106  9:56  Ravager x3  
  106  9:57  Overlord  
  106  9:58  Overlord x2  
  110  10:02  Drone x3  
  110  10:03  Drone  
  113  10:11  Baneling x6, Hatchery, Extractor x2  
  113  10:12  Baneling x5  
  109  10:16  Overseer  
  109  10:30  Zergling x2  
  109  10:31  Zergling x2  
  111  10:40  Baneling x4  
  111  10:41  Baneling  
  111  10:45  Zergling x12  
  111  10:46  Zergling x18  
  111  10:47  Overseer x2  
  126  10:54  Centrifical Hooks  
  126  10:56  Ultralisk Cavern  
  125  11:04  Zergling x8  
  105  11:44  Overlord  
  105  11:46  Ultralisk x4  
  122  12:11  Ultralisk  
  122  12:13  Hatchery, Extractor  
  122  12:15  Extractor  
Show
View Real Time Build Order
Export as new Build Order

Deidara Terran - Winner!

Build Orders: Reaper Expand, Hellion Banshee, MMM Bio 

Get SALT Encoding   

  12  0:00  SCV  
  13  0:14  SCV  
  13  0:19  Supply Depot  
  14  0:26  SCV  
  15  0:40  SCV  
  15  0:41  Barracks  
  16  0:48  Refinery  
  16  0:52  SCV  
  17  1:04  SCV  
  19  1:18  SCV  
  19  1:32  Orbital Command  
  19  1:34  Reaper  
  20  1:41  Command Center  
  20  1:58  SCV  
  21  2:09  Supply Depot  
  21  2:10  SCV  
  21  2:12  Barracks Reactor  
  22  2:22  SCV  
  23  2:27  Factory  
  23  2:34  SCV  
  24  2:46  SCV  
  25  2:58  SCV  
  28  3:06  Orbital Command  
  27  3:15  Command Center  
  25  3:20  SCV  
  25  3:23  Hellion x2  
  25  3:25  Barracks Tech Lab  
  30  3:29  Supply Depot  
  30  3:32  SCV  
  31  3:38  SCV  
  31  3:39  Starport  
  32  3:45  Hellion x2, SCV  
  32  3:48  Marine  
  38  3:50  SCV  
  39  3:57  SCV  
  39  4:02  SCV  
  41  4:05  Refinery  
  41  4:06  Hellion x2  
  41  4:09  SCV  
  46  4:14  SCV  
  47  4:19  Starport Tech Lab  
  47  4:21  SCV  
  47  4:23  Stimpack  
  48  4:25  Marine  
  48  4:26  SCV  
  48  4:27  Widow Mine  
  52  4:31  Orbital Command  
  52  4:33  SCV  
  53  4:38  SCV  
  53  4:43  Banshee, Marine  
  53  4:45  SCV  
  57  4:50  SCV  
  57  4:51  Orbital Command  
  57  4:52  Barracks  
  58  4:57  SCV  
  59  5:01  Marine  
  59  5:02  SCV  
  59  5:05  Widow Mine x2  
  65  5:09  SCV  
  66  5:15  Refinery, SCV  
  66  5:18  Marine  
  68  5:21  SCV  
  68  5:22  Supply Depot  
  68  5:24  Supply Depot  
  68  5:27  SCV  
  70  5:31  SCV  
  70  5:33  SCV  
  72  5:36  Refinery, Marine  
  72  5:39  SCV  
  72  5:41  Barracks Reactor  
  72  5:42  Barracks  
  74  5:43  SCV  
  74  5:46  SCV  
  74  5:49  Banshee  
  79  5:51  SCV  
  79  5:54  Marine  
  79  5:55  SCV  
  82  5:58  SCV, Barracks  
  82  6:01  Barracks x2  
  82  6:03  SCV  
  77  6:07  SCV, Barracks  
  77  6:10  SCV  
  76  6:12  Marauder, Widow Mine x2  
  76  6:15  SCV  
  76  6:17  Marine  
  84  6:19  SCV  
  84  6:22  SCV  
  86  6:27  SCV  
  86  6:31  SCV  
  87  6:33  Marine  
  87  6:34  SCV  
  87  6:39  SCV, Marine x3  
  91  6:40  Widow Mine  
  93  6:49  Barracks Reactor x2  
  93  6:50  Barracks Reactor, Starport Reactor  
  93  6:58  Supply Depot  
  93  6:59  Supply Depot  
  93  7:01  Supply Depot  
  93  7:13  Supply Depot x2, Engineering Bay  
  93  7:15  Engineering Bay, Combat Shields  
  93  7:17  Supply Depot, Armory  
  93  7:19  Refinery, Widow Mine x2, Barracks Reactor, Marine x2  
  93  7:20  Marauder, Barracks Tech Lab  
  93  7:21  Refinery  
  101  7:33  Marine x3  
  101  7:34  Marine x2  
  106  7:37  Marine x3  
  106  7:39  Supply Depot, Terran Infantry Armor Level 1  
  106  7:40  Supply Depot  
  106  7:41  Marauder  
  106  7:43  Missile Turret  
  113  7:44  Marauder  
  113  7:48  Widow Mine x2  
  113  7:51  Marine x4  
  117  7:52  Marine  
  117  7:55  Marine x3  
  117  7:58  Marine x2  
  126  8:02  Medivac  
  126  8:03  Marauder  
  133  8:05  Marauder  
  133  8:09  Marine x4  
  137  8:13  Marine  
  137  8:16  Widow Mine  
  111  8:24  Marauder  
  111  8:25  Marine x2  
  111  8:27  Marauder  
  104  8:32  Marine x2  
  104  8:38  Marine x3  
  104  8:39  Medivac x2  
  103  8:45  Marauder  
  103  8:48  Marauder, Marine  
  105  8:49  Marine x3  
  105  8:52  Widow Mine  
  111  9:06  Marine x3  
  111  9:07  Marauder, Marine  
  111  9:08  SCV  
  111  9:09  Marauder, Medivac x2  
  122  9:19  Terran Infantry Weapons Level 1  
  122  9:20  Marine x3  
  122  9:21  Marine x3  
  128  9:24  Marine  
  128  9:25  Command Center  
  128  9:26  Marine  
  128  9:27  Marine x2  
  128  9:28  Marauder  
  128  9:31  Marauder  
  136  9:34  Barracks  
  136  9:38  Marine x4  
  136  9:39  Medivac, Marine  
  143  9:45  Marine  
  143  9:46  Marine x4  
  143  9:50  Marauder  
  143  9:52  Marauder  
  152  9:56  Marine x4  
  152  9:57  Terran Infantry Armor Level 2  
  152  9:58  Marine  
  157  10:18  Supply Depot  
  157  10:22  Supply Depot  
  157  10:32  Liberator x2  
  157  10:36  Marine x8  
  157  10:37  Marauder x3  
  157  10:38  Marine  
  178  10:58  Marauder x3  
  178  11:03  Marine  
  178  11:04  Marine x2  
  185  11:19  Marauder  
  185  11:21  Liberator x2  
  187  11:38  Marauder x2  
  188  11:41  Marauder, Marine x2  
  188  11:44  Planetary Fortress  
  188  12:01  Marine x3  
  188  12:02  Marauder x3, Marine x4  
  188  12:08  Marine x3  
  187  12:21  Marine  
  187  12:22  Marine x3  
  185  12:23  Marauder  
  185  12:24  Marauder x2  
  188  12:37  Marine x2  
  188  12:38  Marine  
Tags
 
Add a new tag
Caveats
  • Supply blocks, unpowered buildings, or Contaminate may cause inaccurate times.
  • Supply counts are checked every 10 seconds.